BSA
JERSEY SHORE D-BAGS @ GREENVILLE 84S
08/03/2029
 
TOP OF THE 1ST
Jersey Shore D-Bags batting - Pitching for Greenville 84s : LHP Hong-ryul Yun
Pitching: LHP Hong-ryul Yun
Batting: RHB Ricardo González 0-0: Swinging Strike
0-1: Called Strike
0-2: Fly out, F8 (Flyball, 8RD)
Batting: RHB Mike Ingram 0-0: Foul Ball, location: 2F
0-1: Foul Ball, location: 2F
0-2: Foul Ball, location: 2F
0-2: Ball
1-2: Ball
2-2: Ground out 5-3 (Groundball, 56)
Batting: RHB Miguel Serna 0-0: Ball
1-0: Called Strike
1-1: Ball
2-1: Foul Ball, location: 2F
2-2: Strikes out swinging
Top of the 1st over - 0 runs, 0 hits, 0 errors, 0 left on base; Jersey Shore 0 - Greenville 0
BOTTOM OF THE 1ST
Greenville 84s batting - Pitching for Jersey Shore D-Bags : RHP José Ramos
Pitching: RHP José Ramos
Batting: RHB Carlos Torres 0-0: Ball
1-0: Called Strike
1-1: Called Strike
1-2: Foul Ball, location: 2F
1-2: Ball
2-2: Fly out, F9 (Line Drive, 9LM)
Batting: LHB Paco Rosas 0-0: Called Strike
0-1: Ball
1-1: Ball
2-1: Ball
3-1: Base on Balls
Batting: RHB Enzo Díaz 0-0: Ball
1-0: Ball
2-0: Swinging Strike
2-1: Foul Ball, location: 2F
2-2: Fly out, F1 (Line Drive, 13)
Batting: LHB Juan Cortés 0-0: Ball
1-0: Fly out, F9 (Flyball, 89D)
Bottom of the 1st over - 0 runs, 0 hits, 0 errors, 1 left on base; Jersey Shore 0 - Greenville 0
TOP OF THE 2ND
Jersey Shore D-Bags batting - Pitching for Greenville 84s : LHP Hong-ryul Yun
Batting: RHB Ben Morton 0-0: SOLO HOME RUN (Line Drive, 7LD), Distance : 365 ft
Batting: RHB Francisco Sandoval 0-0: Ball
1-0: Fly out, F9 (Flyball, 89M)
Batting: LHB Ray Bryant 0-0: Ball
1-0: Ball
2-0: Ball
3-0: Called Strike
3-1: Called Strike
3-2: Foul Ball, location: 2F
3-2: Foul Ball, location: 2F
3-2: Strikes out looking
Batting: RHB Carlos Pérez 0-0: Ball
1-0: Ground out 5-3 (Groundball, 5L)
Top of the 2nd over - 1 run, 1 hit, 0 errors, 0 left on base; Jersey Shore 1 - Greenville 0
BOTTOM OF THE 2ND
Greenville 84s batting - Pitching for Jersey Shore D-Bags : RHP José Ramos
Batting: LHB Brock Larsen 0-0: Fly out, F8 (Flyball, 8LM)
Batting: LHB Jimmy Vickers 0-0: Fly out, F7 (Flyball, 7D)
Batting: RHB Robert Buckley 0-0: Foul Ball, location: 2F
0-1: Ball
1-1: Foul Ball, location: 2F
1-2: Strikes out looking
Bottom of the 2nd over - 0 runs, 0 hits, 0 errors, 0 left on base; Jersey Shore 1 - Greenville 0
TOP OF THE 3RD
Jersey Shore D-Bags batting - Pitching for Greenville 84s : LHP Hong-ryul Yun
Batting: LHB Ed Murray 0-0: Foul Ball, location: 2F
0-1: Ball
1-1: Ball
2-1: SINGLE (Groundball, 4MD)
Batting: RHB Lowie van den Bogaert 0-0: Ball
1-0: Foul Ball, location: 2F
1-1: Fly out, F8 (Flyball, 8LD)
Batting: RHB Ricardo González 0-0: Foul Ball, location: 2F
0-1: Ball
1-1: Fly out, F8 (Flyball, 8RM)
Batting: RHB Mike Ingram 0-0: Called Strike
0-1: Fly out, F5 (Line Drive, 5)
Top of the 3rd over - 0 runs, 1 hit, 0 errors, 1 left on base; Jersey Shore 1 - Greenville 0
BOTTOM OF THE 3RD
Greenville 84s batting - Pitching for Jersey Shore D-Bags : RHP José Ramos
Batting: LHB Chris Moore 0-0: Called Strike
0-1: Swinging Strike
0-2: Ball
1-2: Strikes out looking
Batting: RHB Pat Fernández 0-0: Ball
1-0: Ball
2-0: Called Strike
2-1: Fly out, F8 (Flyball, 8LD)
Batting: RHB Carlos Torres 0-0: Called Strike
0-1: Ball
1-1: Ball
2-1: Foul Ball, location: 2F
2-2: Foul Ball, location: 2F
2-2: SINGLE (Flyball, 8LS)
Batting: LHB Paco Rosas 0-0: Called Strike
0-1: Ball
1-1: Ball
2-1: Ball
3-1: Base on Balls
Carlos Torres to second
Batting: RHB Enzo Díaz 0-0: Foul Ball, location: 2F
0-1: Swinging Strike
0-2: Strikes out swinging
Bottom of the 3rd over - 0 runs, 1 hit, 0 errors, 2 left on base; Jersey Shore 1 - Greenville 0
TOP OF THE 4TH
Jersey Shore D-Bags batting - Pitching for Greenville 84s : LHP Hong-ryul Yun
Batting: RHB Miguel Serna 0-0: Ball
1-0: Called Strike
1-1: Ball
2-1: Ball
3-1: Called Strike
3-2: Ground out 4-3 (Groundball, 4)
Batting: RHB Ben Morton 0-0: Foul Ball, location: 2F
0-1: Ball
1-1: Foul Ball, location: 2F
1-2: Ground out U3 (Groundball, 34S)
Batting: RHB Francisco Sandoval 0-0: Ground out 1-3 (Groundball, 13S)
Top of the 4th over - 0 runs, 0 hits, 0 errors, 0 left on base; Jersey Shore 1 - Greenville 0
BOTTOM OF THE 4TH
Greenville 84s batting - Pitching for Jersey Shore D-Bags : RHP José Ramos
Batting: LHB Juan Cortés 0-0: Ground out 5-3 (Groundball, 5S)
Batting: LHB Brock Larsen 0-0: Ball
1-0: Ball
2-0: Called Strike
2-1: Reached on error, E7 (Line Drive, 7)
Batting: LHB Jimmy Vickers 0-0: Ball
1-0: Fly out, F8 (Flyball, 8LXD)
Runner from 2nd tags up, SAFE at 3rd, no throw
Batting: RHB Robert Buckley 0-0: Ball
1-0: SINGLE (Flyball, 9LM)
Brock Larsen scores
Batting: LHB Chris Moore 0-0: Foul Ball, location: 2F
0-1: Called Strike
0-2: Ball
1-2: Ball
2-2: Ball
3-2: Base on Balls
Robert Buckley to second
Batting: RHB Pat Fernández 0-0: Ball
1-0: Swinging Strike
1-1: SINGLE (Groundball, 5D)
Robert Buckley to third
Chris Moore to second
Runner from 3rd tries for Home, SAFE, no throw
Batting: RHB Carlos Torres 0-0: Called Strike
0-1: Foul Ball, location: 2F
0-2: Ball
1-2: Ball
2-2: Foul Ball, location: 2F
2-2: Ball
3-2: Foul Ball, location: 2F
3-2: Hit by Pitch
Chris Moore to third
Pat Fernández to second
Batting: LHB Paco Rosas 0-0: Ball
1-0: Fly out, F9 (Flyball, 9S)
Bottom of the 4th over - 2 runs, 2 hits, 1 error, 3 left on base; Jersey Shore 1 - Greenville 2
TOP OF THE 5TH
Jersey Shore D-Bags batting - Pitching for Greenville 84s : LHP Hong-ryul Yun
Batting: LHB Ray Bryant 0-0: Swinging Strike
0-1: Ball
1-1: Ball
2-1: Swinging Strike
2-2: Foul Ball, location: 2F
2-2: Ball
3-2: Fly out, F7 (Flyball, 7S)
Batting: RHB Carlos Pérez 0-0: Called Strike
0-1: Foul Ball, location: 2F
0-2: Ball
1-2: Ball
2-2: Foul Ball, location: 2F
2-2: Ground out 6-3 (Groundball, 6)
Batting: LHB Ed Murray 0-0: Ball
1-0: Ball
2-0: Ball
3-0: Called Strike
3-1: Foul Ball, location: 2F
3-2: Fly out, F3 (Line Drive, 3L)
Top of the 5th over - 0 runs, 0 hits, 0 errors, 0 left on base; Jersey Shore 1 - Greenville 2
BOTTOM OF THE 5TH
Greenville 84s batting - Pitching for Jersey Shore D-Bags : RHP José Ramos
Batting: RHB Enzo Díaz 0-0: Ground out 4-3 (Groundball, 4D)
Batting: LHB Juan Cortés 0-0: Called Strike
0-1: Ball
1-1: Swinging Strike
1-2: SINGLE (Groundball, 56D)
Batting: LHB Brock Larsen 0-0: Ball
1-0: Fielders Choice at 2nd, 6-4 (Groundball, 6)
Batting: LHB Jimmy Vickers 0-0: Ball
1-0: Called Strike
1-1: Ball
2-1: Swinging Strike
2-2: Fly out, F7 (Flyball, 7D)
Bottom of the 5th over - 0 runs, 1 hit, 0 errors, 1 left on base; Jersey Shore 1 - Greenville 2
TOP OF THE 6TH
Jersey Shore D-Bags batting - Pitching for Greenville 84s : LHP Hong-ryul Yun
Batting: RHB Lowie van den Bogaert 0-0: Fly out, F9 (Line Drive, 9)
Batting: RHB Ricardo González 0-0: Ball
1-0: Called Strike
1-1: Ball
2-1: Foul Ball, location: 2F
2-2: Foul Ball, location: 2F
2-2: Ball
3-2: Ground out U3 (Groundball, 34)
Batting: RHB Mike Ingram 0-0: Ball
1-0: Foul Ball, location: 2F
1-1: Swinging Strike
1-2: Strikes out swinging
Top of the 6th over - 0 runs, 0 hits, 0 errors, 0 left on base; Jersey Shore 1 - Greenville 2
BOTTOM OF THE 6TH
Greenville 84s batting - Pitching for Jersey Shore D-Bags : RHP José Ramos
Batting: RHB Robert Buckley 0-0: Called Strike
0-1: Foul Ball, location: 2F
0-2: Ball
1-2: Ball
2-2: Ball
3-2: Strikes out looking
Batting: LHB Chris Moore 0-0: Foul Ball, location: 2F
0-1: Foul Ball, location: 2F
0-2: Ball
1-2: Strikes out swinging
Batting: RHB Pat Fernández 0-0: Ball
1-0: Called Strike
1-1: Ball
2-1: Ground out 4-3 (Groundball, 4)
Bottom of the 6th over - 0 runs, 0 hits, 0 errors, 0 left on base; Jersey Shore 1 - Greenville 2
TOP OF THE 7TH
Jersey Shore D-Bags batting - Pitching for Greenville 84s : LHP Hong-ryul Yun
Batting: RHB Miguel Serna 0-0: Fly out, F9 (Flyball, 9)
Batting: RHB Ben Morton 0-0: Called Strike
0-1: Ground out 4-3 (Groundball, 4)
Batting: RHB Francisco Sandoval 0-0: Called Strike
0-1: Ball
1-1: Ball
2-1: SOLO HOME RUN (Flyball, 7D), Distance : 364 ft
Batting: LHB Ray Bryant 0-0: Called Strike
0-1: Swinging Strike
0-2: Strikes out looking
Top of the 7th over - 1 run, 1 hit, 0 errors, 0 left on base; Jersey Shore 2 - Greenville 2
BOTTOM OF THE 7TH
Greenville 84s batting - Pitching for Jersey Shore D-Bags : RHP José Ramos
Batting: RHB Carlos Torres 0-0: Ball
1-0: Ball
2-0: Fly out, F7 (Flyball, 7LS)
Batting: LHB Paco Rosas 0-0: Called Strike
0-1: Ground out U3 (Groundball, 34)
Batting: RHB Enzo Díaz 0-0: Foul Ball, location: 2F
0-1: Ball
1-1: Foul Ball, location: 2F
1-2: Ground out 6-3 (Groundball, 6)
Bottom of the 7th over - 0 runs, 0 hits, 0 errors, 0 left on base; Jersey Shore 2 - Greenville 2
TOP OF THE 8TH
Jersey Shore D-Bags batting - Pitching for Greenville 84s : LHP Hong-ryul Yun
Batting: RHB Carlos Pérez 0-0: Ball
1-0: SINGLE (Line Drive, 4MD)
Batting: LHB Ed Murray 0-0: Ball
1-0: Called Strike
1-1: Ball
2-1: Foul Ball, location: 2F
2-2: Strikes out swinging
Batting: RHB Lowie van den Bogaert 0-0: Ball
1-0: Fielders Choice at 2nd, 4-6 (Groundball, 4)
Batting: RHB Ricardo González 0-0: Called Strike
0-1: Ball
1-1: Ball
2-1: Ground out 4-3 (Groundball, 4)
Top of the 8th over - 0 runs, 1 hit, 0 errors, 1 left on base; Jersey Shore 2 - Greenville 2
BOTTOM OF THE 8TH
Greenville 84s batting - Pitching for Jersey Shore D-Bags : RHP José Ramos
Pitching: RHP Cristóbal Santos
Batting: LHB Juan Cortés 0-0: Fly out, F7 (Flyball, 7LD)
Pitching: LHP Ramón Ruíz
Batting: LHB Brock Larsen 0-0: Called Strike
0-1: Fly out, F9 (Flyball, 9S)
Batting: LHB Jimmy Vickers 0-0: Called Strike
0-1: Ball
1-1: Foul Ball, location: 2F
1-2: Strikes out swinging
Bottom of the 8th over - 0 runs, 0 hits, 0 errors, 0 left on base; Jersey Shore 2 - Greenville 2
TOP OF THE 9TH
Jersey Shore D-Bags batting - Pitching for Greenville 84s : LHP Hong-ryul Yun
Batting: RHB Mike Ingram 0-0: Called Strike
0-1: Swinging Strike
0-2: Ball
1-2: Ball
2-2: Ball
3-2: Strikes out swinging
Batting: RHB Miguel Serna 0-0: Ball
1-0: Foul Ball, location: 2F
1-1: Ball
2-1: Ball
3-1: Called Strike
3-2: Foul Ball, location: 2F
3-2: Base on Balls
Batting: RHB Ben Morton 0-0: Called Strike
Miguel Serna steals 2nd base
0-1: Ball
1-1: Intentional Walk
Batting: RHB Francisco Sandoval 0-0: Fly out, F9 (Flyball, 9LS)
Batting: LHB Ray Bryant 0-0: Ball
1-0: Ball
2-0: Called Strike
2-1: Ball
Wild Pitch!
Miguel Serna to third
Ben Morton to second
3-1: Called Strike
3-2: Base on Balls
Pitching: RHP Dave Smith
Pinch Hitting: LHB António Cedeño 0-0: Ball
1-0: SINGLE (Groundball, 34D)
Miguel Serna scores
Ben Morton to third
Ray Bryant to second
Runner from 3rd tries for Home, SAFE, no throw
Batting: LHB Ed Murray 0-0: Ball
1-0: SINGLE (Line Drive, 5D)
Ray Bryant to third
António Cedeño to second
Runner from 3rd tries for Home, SAFE, no throw
Batting: RHB Lowie van den Bogaert 0-0: Ball
1-0: Ball
2-0: Fly out, F9 (Line Drive, 89D)
Top of the 9th over - 3 runs, 2 hits, 0 errors, 2 left on base; Jersey Shore 5 - Greenville 2
BOTTOM OF THE 9TH
Greenville 84s batting - Pitching for Jersey Shore D-Bags : LHP Ramón Ruíz
Pitching: RHP John Hall
Now at 2B: José Pinto
Batting: RHB Robert Buckley 0-0: Called Strike
0-1: Foul Ball, location: 2F
0-2: Ball
1-2: Ball
2-2: Fly out, F7 (Flyball, 78S)
Batting: LHB Chris Moore 0-0: Called Strike
0-1: Called Strike
0-2: Ball
1-2: Foul Ball, location: 2F
1-2: Foul Ball, location: 2F
1-2: Foul Ball, location: 2F
1-2: Foul Ball, location: 2F
1-2: Ball
2-2: Ball
3-2: Fly out, F7 (Flyball, 7LS)
Batting: RHB Pat Fernández 0-0: Ball
1-0: Fly out, F3 (Popup, 3SF)
Bottom of the 9th over - 0 runs, 0 hits, 0 errors, 0 left on base; Jersey Shore 5 - Greenville 2
Saturday, December 16th, 2017 - OOTP Baseball 18.8 Build 76